TOP OF THE 1ST |
Philadelphia Phillies batting - Pitching for California Angels : RHP Rob Lewis
|
Pitching: RHP Rob Lewis
|
|
Batting: RHB Corey Wells
|
0-0: Called Strike 0-1: Called Strike 0-2: Ball 1-2: Fly out, F7 (Flyball, 78M, EV 91.9 MPH)
|
Batting: SHB Ignacio Mejia
|
0-0: Called Strike 0-1: Foul Ball, location: 25F 0-2: Reaches on Catchers interference
|
Batting: RHB Morris Kovar
|
0-0: Ball 1-0: Fly out, F8 (Flyball, 8RXD, EV 89.4 MPH)
|
Batting: RHB José Romero
|
0-0: Foul Ball, location: 5DF 0-1: Ball 1-1: Ball 2-1: Fly out, F5 (Popup, 5SF, EV 73.8 MPH)
|
Top of the 1st over - 0 runs, 0 hits, 1 error, 1 left on base; Philadelphia 0 - California 0 |
BOTTOM OF THE 1ST |
California Angels batting - Pitching for Philadelphia Phillies : LHP John Sullivan
|
Pitching: LHP John Sullivan
|
|
Batting: LHB Dominic Richards
|
0-0: Ball 1-0: Called Strike 1-1: Ball 2-1: SINGLE (Groundball, 4MD, EV 95.6 MPH)
|
Batting: RHB Ismel Gavcia
|
0-0: Fielders Choice at 2nd, 4-6 (Groundball, 34D, EV 108.8 MPH)
|
Batting: RHB Michelangelo White
|
0-0: Called Strike 0-1: Called Strike 0-2: Ground out 6-3 (Groundball, 6MD, EV 100.0 MPH) Ismel Gavcia to second
|
Batting: RHB Pascual Arenas
|
0-0: Swinging Strike 0-1: Ball 1-1: SINGLE (Flyball, 8LS, EV 93.1 MPH) Ismel Gavcia to third Runner from 3rd tries for Home, SAFE, throw by CF to home
|
Batting: RHB Minor Turner
|
0-0: Called Strike 0-1: Ball 1-1: Foul Ball, location: 9LSF 1-2: Fly out, F8 (Flyball, 78D, EV 103.8 MPH)
|
Bottom of the 1st over - 1 run, 2 hits, 0 errors, 1 left on base; Philadelphia 0 - California 1 |
TOP OF THE 2ND |
Philadelphia Phillies batting - Pitching for California Angels : RHP Rob Lewis
|
Batting: RHB Fernando Espinosa
|
0-0: Hit by Pitch
|
Batting: RHB Ricky Walker
|
0-0: Ball 1-0: Ball 2-0: Ball 3-0: Called Strike 3-1: Fly out, F8 (Line Drive, 8LD, EV 95.6 MPH)
|
Batting: RHB Jackson Dziedzic
|
0-0: Swinging Strike 0-1: Ball 1-1: Swinging Strike 1-2: Ball 2-2: Ball 3-2: Base on Balls Fernando Espinosa to second
|
Batting: RHB Martin Camacho
|
0-0: Foul Ball, location: 7LMF 0-1: Ball 1-1: Ball 2-1: DOUBLE (Line Drive, 78D, EV 103.1 MPH) Fernando Espinosa scores Jackson Dziedzic to third
|
Batting: RHB C.J. Nicole
|
0-0: Ball 1-0: Ground out 4-3 (Groundball, 4, EV 84.4 MPH) Jackson Dziedzic scores Martin Camacho to third
|
Batting: RHB Corey Wells
|
0-0: Ball 1-0: Swinging Strike 1-1: Called Strike 1-2: Foul Ball, location: 9LMF 1-2: Strikes out swinging
|
Top of the 2nd over - 2 runs, 1 hit, 0 errors, 1 left on base; Philadelphia 2 - California 1 |
BOTTOM OF THE 2ND |
California Angels batting - Pitching for Philadelphia Phillies : LHP John Sullivan
|
Batting: LHB José Mosqueda
|
0-0: Ball 1-0: Swinging Strike 1-1: Foul Ball, location: 2F 1-2: Foul Ball, location: 25F 1-2: Fly out, F7 (Flyball, 7S, EV 95.0 MPH)
|
Batting: SHB Yormani Calderon
|
0-0: Called Strike 0-1: Ground out 4-3 (Groundball, 4MS, EV 78.8 MPH)
|
Batting: RHB Lucas Erdman
|
0-0: Ball 1-0: Ground out 6-3 (Groundball, 6, EV 103.1 MPH)
|
Bottom of the 2nd over - 0 runs, 0 hits, 0 errors, 0 left on base; Philadelphia 2 - California 1 |
TOP OF THE 3RD |
Philadelphia Phillies batting - Pitching for California Angels : RHP Rob Lewis
|
Batting: SHB Ignacio Mejia
|
0-0: Called Strike 0-1: Ball 1-1: Ball 2-1: Foul Ball, location: 2F 2-2: Ball 3-2: Foul Ball, location: 9LMF 3-2: Base on Balls
|
Batting: RHB Morris Kovar
|
0-0: Hit by Pitch Ignacio Mejia to second
|
Batting: RHB José Romero
|
0-0: Ball 1-0: Called Strike 1-1: Swinging Strike 1-2: Ball 2-2: Strikes out swinging
|
Batting: RHB Fernando Espinosa
|
0-0: SINGLE (Groundball, 34, EV 103.1 MPH) Ignacio Mejia to third Morris Kovar to second
|
Batting: RHB Ricky Walker
|
0-0: Called Strike 0-1: SINGLE (Flyball, 89S, EV 100.0 MPH) Ignacio Mejia scores Morris Kovar to third Fernando Espinosa to second
|
Batting: RHB Jackson Dziedzic
|
0-0: Ball 1-0: DOUBLE (Line Drive, 5D, EV 94.4 MPH) Morris Kovar scores Fernando Espinosa scores Ricky Walker to third
|
Pitching: RHP Corbin Holmes
|
|
Batting: RHB Martin Camacho
|
0-0: Ball 1-0: Ball 2-0: Ball 3-0: Called Strike 3-1: SINGLE (Line Drive, 89S, EV 104.4 MPH) Ricky Walker scores Jackson Dziedzic to third
|
Batting: RHB C.J. Nicole
|
0-0: Ball 1-0: Called Strike 1-1: Ball 2-1: SINGLE (Line Drive, 7LS, EV 93.1 MPH) Jackson Dziedzic scores Martin Camacho to second
|
Batting: RHB Corey Wells
|
0-0: Called Strike 0-1: Ball Wild Pitch! Martin Camacho to third C.J. Nicole to second 1-1: Fly out, F8 (Flyball, 8RXD, EV 106.3 MPH) Runner from 3rd tags up, SCORES, no throw by CF
|
Batting: SHB Ignacio Mejia
|
0-0: Called Strike 0-1: Ball 1-1: Foul Ball, location: 5SF 1-2: SINGLE (Groundball, 34D, EV 105.0 MPH) C.J. Nicole to third Runner from 3rd tries for Home, SAFE, throw by RF to home
|
Batting: RHB Morris Kovar
|
0-0: Called Strike 0-1: Called Strike 0-2: Ball 1-2: Ball 2-2: Reached on error, E5 (Groundball, 56, EV 103.8 MPH) Ignacio Mejia to second
|
Batting: RHB José Romero
|
0-0: Ball 1-0: Fly out, F7 (Flyball, 7S, EV 98.1 MPH)
|
Top of the 3rd over - 7 runs, 6 hits, 1 error, 2 left on base; Philadelphia 9 - California 1 |
BOTTOM OF THE 3RD |
California Angels batting - Pitching for Philadelphia Phillies : LHP John Sullivan
|
Batting: LHB Julius Minkiewicz
|
0-0: Ball 1-0: Ground out U3 (Groundball, 34S, EV 81.3 MPH)
|
Batting: LHB Dominic Richards
|
0-0: Foul Ball, location: 2F 0-1: Fly out, F7 (Flyball, 7, EV 93.1 MPH)
|
Batting: RHB Ismel Gavcia
|
0-0: Foul Ball, location: 2F 0-1: Ball 1-1: Ground out 6-3 (Groundball, 6, EV 88.1 MPH)
|
Bottom of the 3rd over - 0 runs, 0 hits, 0 errors, 0 left on base; Philadelphia 9 - California 1 |
TOP OF THE 4TH |
Philadelphia Phillies batting - Pitching for California Angels : RHP Corbin Holmes
|
Batting: RHB Fernando Espinosa
|
0-0: Ball 1-0: Ground out 4-3 (Groundball, 4MS, EV 65.0 MPH)
|
Batting: RHB Ricky Walker
|
0-0: Called Strike 0-1: Foul Ball, location: 5SF 0-2: Ball 1-2: SINGLE (Line Drive, 78S, EV 93.1 MPH)
|
Batting: RHB Jackson Dziedzic
|
0-0: Swinging Strike 0-1: Ball 1-1: Ball 2-1: Ball 3-1: SINGLE (Line Drive, 7S, EV 106.3 MPH) Ricky Walker to second
|
Pitching: RHP Ryan Chandrasekar
|
|
Batting: RHB Martin Camacho
|
0-0: Ball 1-0: Foul Ball, location: 2F 1-1: Ball 2-1: SINGLE (Line Drive, 8RS, EV 100.0 MPH) Ricky Walker to third Jackson Dziedzic to second
|
Batting: RHB C.J. Nicole
|
0-0: Called Strike 0-1: Swinging Strike 0-2: Foul Ball, location: 3DF 0-2: Strikes out swinging
|
Batting: RHB Corey Wells
|
0-0: Foul Ball, location: 5F 0-1: Ball 1-1: Ball 2-1: Ball 3-1: Fly out, F3 (Popup, 3SF, EV 89.4 MPH)
|
Top of the 4th over - 0 runs, 3 hits, 0 errors, 3 left on base; Philadelphia 9 - California 1 |
BOTTOM OF THE 4TH |
California Angels batting - Pitching for Philadelphia Phillies : LHP John Sullivan
|
Batting: RHB Michelangelo White
|
0-0: Called Strike 0-1: Ball 1-1: Fly out, F7 (Line Drive, 7D, EV 95.0 MPH)
|
Batting: RHB Pascual Arenas
|
0-0: Called Strike 0-1: Ball 1-1: SINGLE (Line Drive, 6MD, EV 100.0 MPH)
|
Batting: RHB Minor Turner
|
0-0: Called Strike 0-1: Ball 1-1: Called Strike 1-2: Foul Ball, location: 3F 1-2: Foul Ball, location: 2F 1-2: Fly out, F9 (Flyball, 89S, EV 91.9 MPH)
|
Batting: LHB José Mosqueda
|
0-0: Ball 1-0: Ball 2-0: Ball 3-0: Called Strike 3-1: Called Strike 3-2: Strikes out swinging
|
Bottom of the 4th over - 0 runs, 1 hit, 0 errors, 1 left on base; Philadelphia 9 - California 1 |
TOP OF THE 5TH |
Philadelphia Phillies batting - Pitching for California Angels : RHP Ryan Chandrasekar
|
Batting: SHB Ignacio Mejia
|
0-0: Called Strike 0-1: Ball 1-1: Ball 2-1: SINGLE (Line Drive, 9S, EV 90.6 MPH)
|
Batting: RHB Morris Kovar
|
0-0: Foul Ball, location: 2F 0-1: Foul Ball, location: 3FF 0-2: Strikes out swinging
|
Batting: RHB José Romero
|
0-0: Foul Ball, location: 2F 0-1: Ball 1-1: Fly out, F7 (Flyball, 7D, EV 105.0 MPH)
|
Batting: RHB Fernando Espinosa
|
0-0: Fly out, F9 (Line Drive, 9, EV 102.5 MPH)
|
Top of the 5th over - 0 runs, 1 hit, 0 errors, 1 left on base; Philadelphia 9 - California 1 |
BOTTOM OF THE 5TH |
California Angels batting - Pitching for Philadelphia Phillies : LHP John Sullivan
|
Batting: SHB Yormani Calderon
|
0-0: Ball 1-0: Swinging Strike 1-1: Called Strike 1-2: Strikes out looking
|
Batting: RHB Lucas Erdman
|
0-0: Foul Ball, location: 9LDF 0-1: Swinging Strike 0-2: Ball 1-2: Foul Ball, location: 9LDF 1-2: Ball 2-2: Ball 3-2: Foul Ball, location: 2F 3-2: Fly out, F9 (Flyball, 89S, EV 93.1 MPH)
|
Batting: LHB Julius Minkiewicz
|
0-0: Called Strike 0-1: Ball 1-1: Swinging Strike 1-2: Ball 2-2: Strikes out looking
|
Bottom of the 5th over - 0 runs, 0 hits, 0 errors, 0 left on base; Philadelphia 9 - California 1 |
TOP OF THE 6TH |
Philadelphia Phillies batting - Pitching for California Angels : RHP Ryan Chandrasekar
|
Batting: RHB Ricky Walker
|
0-0: Foul Ball, location: 5FF 0-1: Swinging Strike 0-2: Ball 1-2: Strikes out swinging
|
Batting: RHB Jackson Dziedzic
|
0-0: Called Strike 0-1: Foul Ball, location: 23FF 0-2: Strikes out looking
|
Batting: RHB Martin Camacho
|
0-0: Ball 1-0: Called Strike 1-1: Ball 2-1: SOLO HOME RUN (Flyball, 9LD, EV 95.6 MPH), Distance : 338 ft
|
Batting: RHB C.J. Nicole
|
0-0: Ball 1-0: Swinging Strike 1-1: Fly out, F8 (Flyball, 8RXD, EV 90.6 MPH)
|
Top of the 6th over - 1 run, 1 hit, 0 errors, 0 left on base; Philadelphia 10 - California 1 |
BOTTOM OF THE 6TH |
California Angels batting - Pitching for Philadelphia Phillies : LHP John Sullivan
|
Batting: LHB Dominic Richards
|
0-0: Ball 1-0: Called Strike 1-1: Called Strike 1-2: Fly out, F6 (Popup, 6D, EV 65.0 MPH)
|
Batting: RHB Ismel Gavcia
|
0-0: Swinging Strike 0-1: SINGLE (Line Drive, 8LS, EV 84.4 MPH)
|
Batting: RHB Michelangelo White
|
0-0: Ball 1-0: Called Strike 1-1: Ball 2-1: Swinging Strike 2-2: Ball 3-2: Base on Balls Ismel Gavcia to second
|
Batting: RHB Pascual Arenas
|
0-0: Ball 1-0: Ball 2-0: Ball 3-0: Base on Balls Ismel Gavcia to third Michelangelo White to second
|
Batting: RHB Minor Turner
|
0-0: Called Strike 0-1: SINGLE (Groundball, 34D, EV 97.5 MPH) Ismel Gavcia scores Michelangelo White to third Pascual Arenas to second Runner from 3rd tries for Home, SAFE, throw by RF to home
|
Batting: LHB José Mosqueda
|
0-0: Swinging Strike 0-1: Foul Ball, location: 25FF 0-2: Grounds into double play, 4-6-3 (Groundball, 4, EV 100.6 MPH)
|
Bottom of the 6th over - 2 runs, 2 hits, 0 errors, 1 left on base; Philadelphia 10 - California 3 |
TOP OF THE 7TH |
Philadelphia Phillies batting - Pitching for California Angels : RHP Ryan Chandrasekar
|
Pitching: LHP Jim Combs
|
|
Batting: RHB Corey Wells
|
0-0: DOUBLE (Line Drive, 9LM, EV 87.5 MPH)
|
Batting: SHB Ignacio Mejia
|
0-0: Ball 1-0: Called Strike 1-1: Fly out, F7 (Flyball, 78M, EV 85.0 MPH)
|
Batting: RHB Morris Kovar
|
0-0: Called Strike 0-1: Ball 1-1: Ball 2-1: Swinging Strike 2-2: Foul Ball, location: 3FF 2-2: Strikes out swinging
|
Batting: RHB José Romero
|
0-0: Ball 1-0: Foul Ball, location: 9LMF 1-1: Swinging Strike 1-2: Fly out, F6 (Line Drive, 6, EV 65.6 MPH)
|
Top of the 7th over - 0 runs, 1 hit, 0 errors, 1 left on base; Philadelphia 10 - California 3 |
BOTTOM OF THE 7TH |
California Angels batting - Pitching for Philadelphia Phillies : LHP John Sullivan
|
Batting: SHB Yormani Calderon
|
0-0: Reached on error, E6 (Groundball, 6, EV 87.5 MPH)
|
Pinch Hitting: SHB Mohamed Coleman
|
0-0: Ball 1-0: Foul Ball, location: 5F 1-1: Called Strike 1-2: Strikes out swinging
|
Batting: LHB Julius Minkiewicz
|
0-0: Ball 1-0: Ball 2-0: Called Strike 2-1: Grounds into double play, 4-6-3 (Groundball, 4, EV 100.6 MPH)
|
Bottom of the 7th over - 0 runs, 0 hits, 1 error, 0 left on base; Philadelphia 10 - California 3 |
TOP OF THE 8TH |
Philadelphia Phillies batting - Pitching for California Angels : LHP Jim Combs
|
Now at SS: Mohamed Coleman
|
|
Batting: RHB Fernando Espinosa
|
0-0: Fly out, F8 (Flyball, 8LXD, EV 88.1 MPH)
|
Batting: RHB Ricky Walker
|
0-0: Called Strike 0-1: Called Strike 0-2: Ball 1-2: Strikes out swinging
|
Batting: RHB Jackson Dziedzic
|
0-0: Ball 1-0: Ball 2-0: Called Strike 2-1: Foul Ball, location: 25FF 2-2: Strikes out looking
|
Top of the 8th over - 0 runs, 0 hits, 0 errors, 0 left on base; Philadelphia 10 - California 3 |
BOTTOM OF THE 8TH |
California Angels batting - Pitching for Philadelphia Phillies : LHP John Sullivan
|
Pitching: RHP Maury Turner
|
|
Batting: LHB Dominic Richards
|
0-0: Ball 1-0: Ball 2-0: Called Strike 2-1: Called Strike 2-2: Strikes out swinging
|
Batting: RHB Ismel Gavcia
|
0-0: Ball 1-0: Ball 2-0: Foul Ball, location: 7LMF 2-1: Fly out, F5 (Popup, 5, EV 61.3 MPH)
|
Pinch Hitting: LHB Kyle Wells
|
0-0: Ball 1-0: Ball 2-0: Foul Ball, location: 2F 2-1: Ball 3-1: Base on Balls
|
Batting: RHB Pascual Arenas
|
0-0: Foul Ball, location: 5F 0-1: Ball 1-1: Fielders Choice at 2nd, 6-4 (Groundball, 6, EV 86.9 MPH)
|
Bottom of the 8th over - 0 runs, 0 hits, 0 errors, 1 left on base; Philadelphia 10 - California 3 |
TOP OF THE 9TH |
Philadelphia Phillies batting - Pitching for California Angels : LHP Jim Combs
|
Now in CF: Kyle Wells
|
|
Pinch Hitting: RHB Quinn Papaskiri
|
0-0: Swinging Strike 0-1: Ball 1-1: Foul Ball, location: 2F 1-2: Strikes out swinging
|
Pitching: RHP Christian Crowe
|
|
Batting: RHB C.J. Nicole
|
0-0: Called Strike 0-1: Called Strike 0-2: Strikes out swinging
|
Batting: RHB Corey Wells
|
0-0: Called Strike 0-1: Called Strike 0-2: Ground out 5-3 (Groundball, 56, EV 106.9 MPH)
|
Top of the 9th over - 0 runs, 0 hits, 0 errors, 0 left on base; Philadelphia 10 - California 3 |
BOTTOM OF THE 9TH |
California Angels batting - Pitching for Philadelphia Phillies : RHP Maury Turner
|
Now at 2B: Corey Wells
|
|
Now at 3B: Quinn Papaskiri
|
|
Batting: RHB Minor Turner
|
0-0: Ball 1-0: Called Strike 1-1: Ball 2-1: Foul Ball, location: 2F 2-2: Foul Ball, location: 9LMF 2-2: SINGLE (Groundball, 4MD, EV 108.1 MPH) (infield hit)
|
Batting: LHB José Mosqueda
|
0-0: Ball 1-0: Foul Ball, location: 9LMF 1-1: Ball 2-1: SINGLE (Line Drive, 8LS, EV 101.3 MPH) Minor Turner to second
|
Batting: SHB Yormani Calderon
|
0-0: Called Strike 0-1: Foul Ball, location: 2F 0-2: Foul Ball, location: 2F 0-2: Strikes out swinging
|
Pinch Hitting: RHB Isaac Kern
|
0-0: Foul Ball, location: 2F 0-1: Ball 1-1: Ball 2-1: Grounds into double play, 5-4-3 (Groundball, 56S, EV 88.8 MPH)
|
Bottom of the 9th over - 0 runs, 2 hits, 0 errors, 1 left on base; Philadelphia 10 - California 3 |
|